 Dungeon Crawl Stone Soup version 0.29-a0-275-g389c0b56f3 (webtiles) character file.

Game seed: 15086000179206184293

61 sammy202020 the Skirmisher (level 3, -1/31 HPs)
             Began as a Palentonga Fighter on Mar 10, 2022.
             Slain by a ball python (3 damage)
             ... in a sewer.
             The game lasted 00:02:33 (1889 turns).

sammy202020 the Skirmisher (Palentonga Fighter)     Turns: 1889, Time: 00:02:33

Health: -1/31      AC:  8    Str: 19    XL:     3   Next: 83%
Magic:  3/3        EV: 12    Int: 10    God:
Gold:   88         SH:  4    Dex:  9    Spells: 2/2 levels left

rFire   . . .      SeeInvis +   a - +0 war axe
rCold   . . .      Faith    .   c - +0 buckler
rNeg    . . .      Spirit   .   m - +2 leather armour {rPois}
rPois   +          Reflect  .   h - +0 helmet
rElec   .          Harm     .   (no cloak)
rCorr   .          Rampage  .   (no gloves)
Will    .....                   (no barding)
Stlth   +.........              (no amulet)
HPRegen 0.10/turn               t - +4 ring of evasion
MPRegen 0.08/turn               (no ring)

@: mighty
A: large, rugged brown scales 3, see invisible, deformed body, roll 1, armoured
tail
a: Rolling Charge


You were in a sewer.
You visited 1 branch of the dungeon, and saw 3 of its levels.
You also visited: Sewer.

You collected 88 gold pieces.

Inventory:

Hand Weapons
 a - a +0 war axe (weapon)
Armour
 b - a +0 scale mail
 c - a +0 buckler (worn)
 h - a +0 helmet (worn)
 m - a +2 leather armour of poison resistance (worn)
Jewellery
 s - a ring of fire
 t - a +4 ring of evasion (left hand)
Scrolls
 g - a scroll of blinking {unknown}
 i - a scroll of immolation {unknown}
 l - a scroll of teleportation {unknown}
 n - 7 scrolls of identify {unknown}
 p - a scroll of enchant weapon {unknown}
 q - a scroll of fear {unknown}
 r - 2 scrolls of magic mapping {unknown}
Potions
 e - 2 potions of curing {unknown}
 f - 2 potions of ambrosia {unknown}
 j - a potion of degeneration {unknown}
 k - a potion of attraction {unknown}
 o - 3 potions of heal wounds {unknown}
 u - a potion of invisibility {unknown}


   Skills:
 * Level 3.4 Fighting
 * Level 2.6 Axes
 * Level 2.8 Armour
 + Level 0.6 Dodging
 * Level 2.8 Shields


You had 2 spell levels left.
You didn't know any spells.
Your spell library was empty.

Dungeon Overview and Level Annotations

Branches:
Dungeon (3/15)              Sewer (1/1)

Altars:


Innate Abilities, Weirdness & Mutations

You are completely covered in rugged brown scales. (AC +3, +7% HP)
You have supernaturally acute eyesight. (SInv)
Armour fits poorly on your strangely shaped body.
You can roll at nearby foes to attack.
You have a long armoured tail.


Message History

The adder is severely wounded.
You hit the river rat but do no damage. You closely miss the ball python.
You barely miss the river rat.
You feel sick.
You are no longer poisoned.
The adder bites you. The adder closely misses you.
The river rat bites you but does no damage. x2
The adder closely misses you.
You barely miss the adder.
The adder is severely wounded.
You hit the river rat but do no damage. You barely miss the river rat.
You miss the adder.
You closely miss the river rat. x2; The adder misses you.
The adder closely misses you. The river rat bites you.
The river rat bites you but does no damage.
The river rat misses you.
The river rat bites you but does no damage.
The adder bites you but does no damage. You block the adder's attack.
The river rat bites you. x2
* * * LOW HITPOINT WARNING * * *
You block the river rat's attack. x2
The river rat attacks as you move away! The river rat barely misses you.
The adder closely misses you. The river rat closely misses you.
The river rat bites you.
* * * LOW HITPOINT WARNING * * *
The adder attacks as you move away! The adder bites you but does no damage.
The adder barely misses you.
You feel very mighty all of a sudden. The adder completely misses you.
The adder bites you but does no damage. x2
The river rat bites you but does no damage.
The river rat closely misses you.
A rat comes into view.
You closely miss the adder.
The adder is severely wounded.
You closely miss the river rat. You hit the river rat but do no damage.
You completely miss the ball python. You hit the adder. The adder bites you.
* * * LOW HITPOINT WARNING * * *
You block the ball python's attack. The adder bites you.
* * * LOW HITPOINT WARNING * * *
The river rat misses you. The river rat barely misses you.
The adder bites you but does no damage. The ball python bites you.
You die...

#.....≈≈≈≈≈≈≈≈..
#.......≈≈≈≈≈≈...
#.......≈≈≈≈≈....
##.....≈.≈≈≈≈r.#
#......≈≈≈≈≈.##
##.....≈≈≈≈..##
####.....≈.≈≈≈..##
#∩###...rr.≈≈.....
#.###...@Sr≈≈.....
#..#....SSr≈≈≈....
##......r.≈r≈≈....
##.......≈≈≈≈....
##......≈≈≈.....
#....≈≈≈≈≈.....
#......≈≈≈≈.≈..#
#......≈≈≈≈≈≈.##
..#...≈≈≈≈≈


You could see 2 adders, 4 river rats, a ball python and 3 rats.

Vanquished Creatures
  A river rat (D:3)
  6 ball pythons
  6 endoplasms (D:1)
  5 giant cockroaches
  5 goblins
  5 hobgoblins
  4 kobolds
  3 bats
  A frilled lizard (Sewer)
  11 rats
47 creatures vanquished.

Notes
Turn   | Place    | Note
-------+----------+-------------------------------------------
     0 | D:1      | sammy202020 the Palentonga Fighter began the quest for the
                  | Orb.
     0 | D:1      | Reached XP level 1. HP: 19/19 MP: 1/1
    95 | D:1      | Reached XP level 2. HP: 5/25 MP: 2/2
   864 | D:1      | Reached XP level 3. HP: 31/31 MP: 3/3
  1369 | D:2      | Found a faded altar of an unknown god.
  1776 | D:3      | Found a glowing drain.
  1794 | Sewer    | Entered a sewer
  1889 | Sewer    | Slain by a ball python

Illustrated notes

Levels and vault maps discovered:
D:1:      dpeg_arrival_windows_large_door, layout_basic
D:2:      layout_loops_ring, basic_ecumenical_altar, serial_park_tiny_pond
D:3:      layout_basic, mainiacjoe_overflow_boulevard, xom_butterflies,
          mainiacjoe_overflow_tiny_flanked, serial_shops, shop,
          portal_sewer_entry_b, uniq_robin
Sewer:    sewer_minmay_treatment

Action                   || total
-------------------------++-------
Melee: War axe           ||   100
       Tailslap          ||    11
 Abil: Rolling Charge    ||     1
  Use: Potion            ||     1
Armor: Scale mail        ||    21
       Leather armour    ||    40
Dodge: Dodged            ||    66
Block: Buckler           ||    19

Table legend: (Time is in decaauts)
 A = Elapsed time spent in this place.
 B = Non-inter-level travel time spent in this place.
 C = Inter-level travel time spent in this place.
 D = Time resting spent in this place.
 E = Time spent auto-exploring this place.
 F = Levels seen in this place.
 G = Mean time per level.
                   A        B        C        D        E       F      G
               +--------+--------+--------+--------+--------+-----+--------+
         Total |   1933 |   1891 |     42 |      0 |   1530 |   4 |  483.2 |
       Dungeon |   1831 |   1789 |     42 |      0 |   1471 |   3 |  610.3 |
         Sewer |    101 |    101 |      0 |      0 |     59 |   1 |  101.0 |
               +--------+--------+--------+--------+--------+-----+--------+

Top non-repeatable levels by time:
     D:1: 1096 daAuts
     D:2: 711 daAuts
   Sewer: 101 daAuts
     D:3: 24 daAuts
